Description

2 base Adept all-in w glaves +1 and warp prism

VOD

https://www.youtube.com/watch?v=wtlbPY1CE_A

Replay - EnVyUsPolt v Strange: Game 1 - Frozen Temple

Build Order

Get SALT Encoding   

  14  0:18  Pylon  
  16  0:36  Gateway  
  16  0:42  Assimilator scout  
  19  1:20  Nexus  
  19  1:30  Cybernetics Core  
  20  1:39  Assimilator  
  21  1:50  Pylon  
  22  2:07  Mothership Core (Chrono Boost), Adept  
  26  2:14  Warp Gate  
  30  2:44  Robotics Facility  
  36  3:17  Forge  
  37  3:18  Twilight Council  
  38  3:30  Warp Prism (Chrono Boost)  
  40  3:45  Gateway x3  
  40  3:50  Protoss Ground Weapons Level 1 (Chrono Boost)  
  42  3:54  Resonating Glaives (Chrono Boost)  
  44  4:15  Gateway x3  
  44  4:26  Pylon, Observer  
  45  4:27  Pylon  
  45  4:41  Pylon  
  45  4:44  Adept x4  
  53  4:59  Pylon x2  
  53  5:04  Adept x4  
  61  5:13  Adept x2 (Chrono Boost)  
  65  5:20  Adept  
  67  5:25  Pylon, Adept x3  
  73  5:29  Adept  
  75  5:35  Adept x2 attack (as soon as +1 and glaves are done) should have 18 Adepts  
  79  5:52  Adept x5 reinforce  
  79  6:00  Adept x2  
  79  6:30  Adept x7  
  83  6:35  Assimilator x2  
  83  6:36  Pylon  
Spawning Tool Build Advisor. Get it on Overwolf

Analysis

6:57 gg

Can vary it a little by expanding at the same time of the attack (the attack will be weaker). Can build a second prism in case first one is sniped.

Go to:

Details

  • Created by: dude215p
  • Published on: May 20, 2016
  • Modified on: May 24, 2016
  • Patch: Pre-3.8.0
Show
View Real Time Build Order
Export as new Build Order

Comments (4)

On Nov. 22, 2017, 11:25 a.m., GotSandmand  said:

@SpartanMeister u can do this but isnt that effective against zerg bec u need immortals and archons for splash and high dmg

On June 11, 2016, 1:48 p.m., SpartanMeister  said:

Could you also skip the robo and forge? just go immediately for a twilight council, and go super al in?

On May 23, 2016, 2:22 a.m., dude215p  said:

game 1

On May 22, 2016, 7:20 p.m., StoicLoofah  said:

Thanks for sharing. Which game in the series did Strange use this build in?

Create an account to comment!